 Dungeon Crawl Stone Soup version 0.20.1-1-g8b1a95d (webtiles) character file.

208 Vivek the Caller (level 5, -6/28 HPs)
             Began as a Deep Elf Summoner on July 21, 2017.
             Killed by divine providence
             ... invoked by an orc priest
              (9 damage)
             ... on level 4 of the Dungeon on July 28, 2017.
             The game lasted 01:23:57 (3430 turns).

Vivek the Caller (Deep Elf Summoner)                Turns: 3430, Time: 01:23:57

Health: -6/28      AC:  2    Str:  5    XL:     5   Next: 55%
Magic:  7/15       EV: 13    Int: 21    God:
Gold:   146        SH:  0    Dex: 15    Spells: 5/15 levels left

rFire    . . .     SeeInvis .   B - +0 hunting sling
rCold    . . .     Gourm    .   (no shield)
rNeg     . . .     Faith    .   a - +0 robe
rPois    .         Spirit   .   (no helmet)
rElec    .         Reflect  .   (no cloak)
rCorr    .         Harm     .   (no gloves)
MR       .....                  (no boots)
Stlth    ++........             (no amulet)
Regen    0.1/turn               (no ring)
MPRegen  0.2/turn               (no ring)

@: very slightly contaminated
A: no striking features
a: no special abilities


You were on level 4 of the Dungeon.
You were hungry.

You visited 1 branch of the dungeon, and saw 4 of its levels.

You collected 146 gold pieces.

Inventory:

Hand Weapons
 r - a +0 club
 u - a +0 short sword
 y - a +0 hand axe
 A - a +0 short sword
 B - a +0 hunting sling (weapon)
 E - a +0 dagger
 I - a +0 short sword
 K - a +0 mace
 M - a +0 dagger
 O - a +0 blowgun
Missiles
 h - 33 poisoned needles
 k - 2 tomahawks
 m - 69 stones (quivered)
 x - 51 arrows
 H - 47 sling bullets
 P - 41 bolts
Armour
 a - a +0 robe (worn)
 g - a cursed +0 robe
 q - a +0 scale mail
 s - a +0 helmet
 t - a +0 ring mail
 v - a +0 robe
 J - a +0 robe
 L - a +0 leather armour
Scrolls
 e - 2 scrolls of random uselessness {unknown}
 j - a scroll of blinking {unknown}
 l - 2 scrolls of fog {unknown}
 n - a scroll of recharging {unknown}
 o - 5 scrolls of identify {unknown}
 p - a scroll of fear {unknown}
 w - a scroll of remove curse {unknown}
 C - a scroll of immolation {unknown}
 D - a scroll of noise {unknown}
 N - a scroll of teleportation {unknown}
Potions
 d - a potion of agility {unknown}
 i - a potion of degeneration {unknown}
 z - a potion of might {unknown}
 F - 2 potions of magic {unknown}
 G - a potion of ambrosia {unknown}
 Q - a potion of heal wounds {unknown}
Books
 b - a book of Callings

   Spells                             Type                      Level
   a - Summon Small Mammal            Summoning                    1
   b - Call Imp                       Summoning                    2
   c - Call Canine Familiar           Summoning                    3
   d - Summon Guardian Golem          Hexes/Summoning              3
   e - Summon Lightning Spire         Summoning/Air                4
   f - Summon Ice Beast               Ice/Summoning                4
Comestibles
 c - 4 bread rations
 f - 3 chunks of flesh


   Skills:
 + Level 2.7 Dodging
 + Level 3.1 Stealth
 + Level 5.6 Spellcasting
 + Level 6.0 Summonings


You had 5 spell levels left.
You knew the following spells:

 Your Spells              Type           Power        Failure   Level  Hunger
a - Summon Small Mammal   Summ           ####         1%          1    None
b - Call Imp              Summ           ####....     1%          2    None
c - Call Canine Familiar  Summ           ####....     2%          3    ##.....
d - Summon Lightning Spi  Summ/Air       ###.....     28%         4    ####...


Dungeon Overview and Level Annotations

Branches:
Dungeon (4/15)
 Temple: D:4-7

Altars:
Kikubaaqudgha
Qazlal
Uskayaw
Xom
The Shining One


Message History

Moving in this stuff is going to be slow.
Your hound barely misses the hound.
The hound bites you.
The orc priest invokes the aid of Beogh against you.
Beogh smites you!
Ouch! That really hurt!
Your hound bites the hound.
The hound completely misses you.
The orc barely misses your lightning spire.
Your hound completely misses the hound.
The orc priest miscasts a cantrip.
The orc hits your lightning spire but does no damage.
The hound bites you.
* * * LOW HITPOINT WARNING * * *
Something hits your lightning spire.
You see here a giant spiked club.
The hound bites you.
* * * LOW HITPOINT WARNING * * *
Your hound bites the hound.
The orc priest calls down the wrath of Beogh upon you.
Beogh smites you!
You die...

##.≈§§§.#
#..o..≈.#
#§§≈.o.##
#..≈≈..#
#≈.....#
#......#
#.h)#+## #.h.#
##@#.......
#.#..#.##.
#.#....
#.#.#####.
#.#.# #.#
#####.#.#
##...
#.....#.. ...#
#.#####
#..####### #.#
#####.........


You could see a hound, an orc priest, an orc and a friendly hound.

Vanquished Creatures (collateral kills)
  An ogre (D:4)
  The ghost of McKennaii the Ruffian, an amateur DrTm (D:3)
  A hound (D:4)
  7 adders
  A river rat (D:3)
  5 worms
  3 dart slugs
  2 leopard geckos (D:3)
  8 orcs (D:3)
  3 bats
  5 giant cockroaches
  9 goblins
  11 hobgoblins
  6 jackals
  8 kobolds
  3 ball pythons (D:3)
  5 frilled lizards
  8 rats
87 creatures vanquished.

Notes
Turn   | Place    | Note
-------+----------+-------------------------------------------
     0 | D:1      | Vivek the Deep Elf Summoner began the quest for the Orb.
     0 | D:1      | Reached XP level 1. HP: 10/10 MP: 6/6
   650 | D:1      | Reached XP level 2. HP: 15/15 MP: 4/8
   730 | D:1      | Learned a level 2 spell: Call Imp
  1395 | D:2      | Reached skill level 5 in Summonings
  1443 | D:2      | Reached XP level 3. HP: 8/19 MP: 6/10
  1503 | D:2      | Learned a level 3 spell: Call Canine Familiar
  1812 | D:2      | Found a hide-covered altar of Uskayaw.
  1823 | D:2      | Found a glowing golden altar of the Shining One.
  1830 | D:2      | Found a shimmering altar of Xom.
  2134 | D:3      | Noticed McKennaii's ghost (amateur DrTm)
  2406 | D:3      | Killed McKennaii's ghost
  2406 | D:3      | Reached XP level 4. HP: 24/24 MP: 1/12
  2780 | D:3      | Reached skill level 5 in Spellcasting
  2807 | D:3      | Found a glowing drain.
  3067 | D:3      | Reached XP level 5. HP: 27/28 MP: 12/14
  3071 | D:3      | Found a stormy altar of Qazlal.
  3072 | D:3      | Found an ancient bone altar of Kikubaaqudgha.
  3279 | D:3      | Learned a level 4 spell: Summon Lightning Spire
  3392 | D:4      | Noticed an ogre
  3401 | D:4      | Killed an ogre
  3401 | D:4      | Reached skill level 6 in Summonings
  3430 | D:4      | Killed from afar by an orc priest

Skill      XL: |  1  2  3  4  5 |
---------------+----------------+-----
Summonings     | 5 6 |  6.0
Spellcasting   | 4 5 |  5.6
Stealth        | 3 |  3.1
Dodging        | |  2.7

Action                   |  1- 3 |  4- 6 || total
-------------------------+-------+-------++-------
Melee: Club              |    15 |       ||    15
       Short sword       |     4 |       ||     4
       Hand axe          |     2 |       ||     2
 Fire: Hunting sling     |       |     6 ||     6
 Cast: Summon Small Mamm |    29 |     4 ||    33
       Call Imp          |    22 |     2 ||    24
       Call Canine Famil |     9 |    12 ||    21
       Summon Lightning  |       |     1 ||     1
  Eat: Chunk             |     4 |     3 ||     7
       Royal jelly       |     1 |       ||     1
Armor: Robe              |     4 |     2 ||     6
Dodge: Dodged            |    39 |     8 ||    47
